 Dungeon Crawl Stone Soup version 0.31-a0-236-g9a0961fb85 (webtiles) character file.

Game seed: 678332145239710742

3070 BubbleThief the Grappler (level 9, -9/66 HPs)
             Began as an Octopode Transmuter on July 10, 2023.
             Was a Follower of Wu Jian.
             Engulfed by a steam dragon's steam (13 damage)
             ... on level 7 of the Dungeon.
             The game lasted 00:12:12 (6031 turns).

BubbleThief the Grappler (Octopode Transmuter)      Turns: 6031, Time: 00:12:13

Health: -9/66      AC:  1    Str: 13    XL:     9   Next: 88%
Magic:  11/12      EV: 13    Int: 19    God:    Wu Jian [*.....]
Gold:   1368       SH:  0    Dex: 12    Spells: 9/12 levels left

rFire   . .          .
                       - Unarmed
rCold   . . .        (no shield)
rNeg    . . .        (helmet currently unavailable)
rPois   +            (no amulet)
rElec   .            g - +4 ring of slaying
rCorr   +            m - ring "Batupp" {Contam rPois rCorr Int+3}
SInv    .            (no ring)
Will    .....        (no ring)
Stlth   ++           (no ring)
HPRegen 0.31/turn    (no ring)
MPRegen 0.13/turn    (no ring)
                     (no ring)

%: no passive effects
@: appendages, wereblooded
A: tentacle spike 3, almost no armour, amphibious, 8 rings, camouflage 1,
gelatinous body 1, (nimble swimmer 1), tentacles
a: End Transformation, Renounce Religion


You were on level 7 of the Dungeon.
You worshipped Wu Jian.
Wu Jian was aware of your devotion.
One of your tentacles had grown a beastly spike.
You visited 2 branches of the dungeon, and saw 8 of its levels.
You also visited: Ossuary.

You collected 1396 gold pieces.
You spent 28 gold pieces at shops.

Inventory:

Jewellery
 g - a +4 ring of slaying (left tentacle)
 m - the ring "Batupp" (right tentacle) {Contam rPois rCorr Int+3}
   (You found it on level 2 of the Dungeon)

   [ring of poison resistance]

   Int:       It affects your intelligence (+3).
   rPois:     It protects you from poison.
   Contam:    It causes magical contamination when unequipped.
   rCorr:     It protects you from acid and corrosion.
Wands
 k - a wand of flame (32)
 l - a wand of acid (13)
Scrolls
 d - 4 scrolls of teleportation
 e - a scroll of identify
 h - a scroll of blinking
Potions
 a - 3 potions of lignification
 b - 4 potions of magic
 c - a potion of heal wounds
 f - 4 potions of curing
 i - a potion of attraction {unknown}
 j - a potion of invisibility
 p - a potion of resistance


   Skills:
 + Level 8.1 Fighting
 - Level 2.0 Dodging
 + Level 8.6 Unarmed Combat
 - Level 2.0 Spellcasting
 - Level 7.5 Transmutations


You had 9 spell levels left.
You knew the following spells:

 Your Spells              Type           Power      Damage    Failure   Level
a - Beastly Appendage     Tmut           60%        N/A       1%          1
b - Wereblood             Tmut           30%        N/A       1%          2

Your spell library contained the following spells:

 Spells                   Type           Power      Damage    Failure   Level
 Spider Form              Tmut/Pois      16%        N/A       11%         3
 Foxfire                  Conj/Fire      4%         2x1d4     17%         1
 Lesser Beckoning         Tloc           2%         N/A       26%         2
 Ice Form                 Ice/Tmut       16%        N/A       34%         4
 Gell's Gravitas          Tloc           1%         N/A       45%         3
 Teleport Other           Tloc           1%         N/A       45%         3
 Animate Dead             Necr           1%         N/A       86%         4
 Borgnjor's Vile Clutch   Necr/Erth      0%         N/A       99%         5
 Fireball                 Conj/Fire      0%         3d3       99%         5
 Death Channel            Necr           0%         N/A       100%        6
 Plasma Beam              Fire/Air       0%         2x1d10    100%        6
 Starburst                Conj/Fire      0%         6d3       100%        6


Dungeon Overview and Level Annotations

Branches:
Dungeon (7/15)             Temple (1/1) D:5         Ossuary (visited)

Altars:
Ashenzari
Dithmenos
Elyvilon
Fedhas
Gozag
Kikubaaqudgha
Makhleb
Nemelex Xobeh
Okawaru
Sif Muna
Trog
Vehumet
Wu Jian
Xom
Yredelemnul
Zin
The Shining One

Shops:
D:6 *


Innate Abilities, Weirdness & Mutations

One of your tentacles has grown a beastly spike.
You cannot wear most types of armour.
You are amphibious.
You can wear up to eight rings at the same time.
Your skin changes colour to match your surroundings (Stealth+).
Your rubbery body absorbs attacks. (AC +1, EV +1)
((You are camouflaged when in or above water. (Stealth+)))
You have tentacles for arms and can constrict up to eight enemies at once.


Message History

The ball of steam hits you!
Items here: (( )).
You lunge at the steam dragon.
You barely miss the steam dragon. Your squeeze misses the steam dragon.
You are engulfed in a cloud of scalding steam.
A bullfrog comes into view.
The orc hits you with a +0 whip.
The steam dragon bites you but does no damage.
The steam dragon claws you.
Things that are here:
a +0 short sword; 3 poisoned darts; a kobold corpse You barely miss the steam dragon.
The bullfrog croaks.
Your squeeze misses the steam dragon.
You are engulfed in a cloud of scalding steam.
The orc barely misses you. The steam dragon misses you.
The steam dragon claws you.
Unknown command.
You bludgeon the steam dragon! You squeeze the steam dragon.
The steam dragon is moderately wounded.
You are engulfed in a cloud of scalding steam.
* * * LOW HITPOINT WARNING * * *
The orc hits you with a +0 whip.
* * * LOW HITPOINT WARNING * * *
The steam dragon breathes steam at you. The ball of steam hits you!
* * * LOW HITPOINT WARNING * * *
You feel much better.
You are engulfed in a cloud of scalding steam.
* * * LOW HITPOINT WARNING * * *
The orc closely misses you. The steam dragon barely misses you.
The steam dragon claws you.
* * * LOW HITPOINT WARNING * * *
Unknown command.
The steam dragon attacks as you move away!
The steam dragon bites you.
* * * LOW HITPOINT WARNING * * *
The steam dragon completely misses you.
You are engulfed in a cloud of scalding steam.
You die...

#.# #.# #.# #.# #####
#)# #### #...# #.#
..... #...# #.#
......#######...####.#
♣..FD§@.§§.........#
♣..♣.o######...######
♣.. #...# .... #.[.#
.♣♣.. ##### ♣ ♣.. ...
.##


You could see a steam dragon (catching breath) and an orc.

Vanquished Creatures
  5 yaks (D:6)
  2 ice beasts
  2 black bears
  An ogre (D:6)
  A centaur (D:7)
  A phantom (D:4)
  2 kobold brigands
  An elf zombie (Ossuary)
  3 bullfrogs
  2 scorpions
  6 wights (D:6)
  A water moccasin zombie (D:6)
  2 jellies
  A centaur zombie (Ossuary)
  A hound (D:4)
  6 orc priests
  4 iguanas
  4 sleepcaps
  An orc wizard (D:7)
  A killer bee zombie (D:6)
  2 mummies (Ossuary)
  3 gnolls (D:6)
  8 adders
  3 white imps
  2 adder zombies (Ossuary)
  2 worms (D:5)
  3 dart slugs
  18 orcs
  4 ball pythons
  9 bats
  9 endoplasms
  2 giant cockroaches
  10 goblins
  6 hobgoblins
  9 jackals
  6 quokkas
  5 frilled lizards
  2 goblin zombies (Ossuary)
  9 hobgoblin zombies (Ossuary)
  2 jackal zombies (Ossuary)
  11 kobolds
  12 kobold zombies (Ossuary)
  7 orc zombies (Ossuary)
  6 rats
  A rat zombie (Ossuary)
198 creatures vanquished.

Notes
Turn   | Place    | Note
-------+----------+-------------------------------------------
     0 | D:1      | BubbleThief the Octopode Transmuter began the quest for the
                  | Orb.
     0 | D:1      | Reached XP level 1. HP: 13/13 MP: 3/3
   243 | D:1      | Reached XP level 2. HP: 14/18 MP: 3/5
   302 | D:1      | Learned a level 2 spell: Wereblood
   770 | D:1      | Reached XP level 3. HP: 24/24 MP: 4/6
  1592 | D:2      | Reached XP level 4. HP: 29/29 MP: 3/7
  1670 | D:2      | You fall into a shaft and drop 2 floors!
  1753 | D:4      | Found a sand-covered staircase.
  1763 | Ossuary  | Entered an ossuary
  1796 | Ossuary  | Reached XP level 5. HP: 35/35 MP: 8/8
  1923 | Ossuary  | Reached XP level 6. HP: 36/42 MP: 7/9
  2099 | D:4      | Noticed an ice beast
  2101 | D:4      | Noticed a black bear
  2109 | D:4      | HP: 2/42 [ice beast (13)]
  2113 | D:4      | Killed an ice beast
  2116 | D:4      | Killed a black bear
  2117 | D:4      | Reached skill level 5 in Unarmed Combat
  2117 | D:4      | Reached XP level 7. HP: 17/48 MP: 6/10
  2117 | D:4      | HP: 1/48 [orc priest/divine providence (16)]
  2125 | D:4      | Found a broken altar of Ashenzari.
  2126 | D:4      | Found a shadowy altar of Dithmenos.
  2126 | D:4      | Found a glowing silver altar of Zin.
  2239 | D:3      | Found a faded altar of an unknown god.
  2308 | D:3      | Found a blossoming altar of Fedhas.
  2897 | D:2      | Identified the ring "Batupp" {Contam rPois rCorr Int+3}
  3104 | D:4      | Reached skill level 5 in Transmutations
  3179 | D:4      | Found an opulent altar of Gozag.
  3179 | D:4      | Found an ancient bone altar of Kikubaaqudgha.
  3181 | D:4      | Found an iron altar of Okawaru.
  3186 | D:4      | Found a sparkling altar of Nemelex Xobeh.
  3833 | D:5      | Entered Level 5 of the Dungeon
  3937 | D:6      | Reached skill level 5 in Fighting
  4037 | D:6      | Found a glowing golden altar of the Shining One.
  4056 | D:6      | Reached XP level 8. HP: 55/55 MP: 7/11
  4186 | D:5      | Found a staircase to the Ecumenical Temple.
  4197 | Temple   | Entered the Ecumenical Temple
  4272 | Temple   | Became a worshipper of the Wu Jian Council
  4883 | D:6      | Found Dikowkal's Assorted Antiques.
  5190 | D:6      | Noticed a yak
  5190 | D:6      | Noticed a yak
  5191 | D:6      | Noticed a yak
  5196 | D:6      | Killed a yak
  5197 | D:6      | Reached XP level 9. HP: 55/63 MP: 8/12
  5199 | D:6      | Reached * piety under Wu Jian
  5675 | D:6      | Bought a dark potion for 28 gold pieces
  5677 | D:6      | Identified a scroll of acquirement
  5677 | D:6      | Acquired 923 gold pieces
  5759 | D:6      | Found a basalt altar of Yredelemnul.
  6031 | D:7      | Engulfed by a steam dragon's steam

Illustrated notes

Levels and vault maps discovered:
D:1:      eino_arrival_cavern_b, layout_basic
D:2:      layout_rooms, serial_bayou_pond_d
D:3:      layout_loops_ring, general_overflow_altar,
          shapermc_ecumenical_altar_starsandcircs, dreamdust_wishing_well
D:4:      layout_layer_cave, grunt_temple_overflow_open,
          nicolae_ossuary_entry_monument, st_stairs_3
D:5:      layout_rooms, minmay_temple_entry_proselytizer
D:6:      layout_cave_pools, mainiacjoe_overflow_24_doors,
          lemuel_zombie_altar_yredelemnul, serial_column_ruins,
          column_ruins_hut, column_ruins_grid_3, column_ruins_corridor_dead_end,
          column_ruins_grid_1, column_ruins_columns_straight,
          column_ruins_corridor_water, column_ruins_open_tiny, serial_shops,
          nicolae_shop_window_shopping
D:7:      layout_basic, mainiacjoe_overflow_boulevard,
          mainiacjoe_overflow_small_starburst, grunt_ministairs_3, uniq_maggie
Temple:   nicolae_temple_ecumenical_triangle

Skill      XL: |  1  2  3  4  5  6  7  8  9 |
---------------+----------------------------+-----
Fighting       | 2 3 4 5 6 8 |  8.1
Transmutations | 3 4 5 6 7 |  7.5
Unarmed Combat | 4 5 7 8 |  8.6
Dodging        | |  2.0
Spellcasting   | |  2.0

Action                     |  1- 3 |  4- 6 |  7- 9 || total
---------------------------+-------+-------+-------++-------
  Melee: Unarmed           |    87 |    86 |   209 ||   382
         Constrict         |    24 |    28 |    55 ||   107
         Kick              |    21 |    32 |    75 ||   128
         Tentacles         |    14 |    16 |    59 ||    89
         Punch             |     2 |     3 |     7 ||    12
   Cast: Beastly Appendage |    22 |    11 |    31 ||    64
         Wereblood         |       |     3 |    22 ||    25
Ability: Lunge             |       |       |    12 ||    12
    Use: Scroll            |       |     7 |     9 ||    16
         Potion            |       |     2 |     2 ||     4
   Stab: Sleeping          |     8 |       |     6 ||    14
 Armour: Skin              |     9 |     6 |    15 ||    30
  Dodge: Dodged            |    59 |    32 |   109 ||   200

Table legend: (Time is in decaauts)
 A = Elapsed time spent in this place.
 B = Non-inter-level travel time spent in this place.
 C = Inter-level travel time spent in this place.
 D = Time resting spent in this place.
 E = Time spent auto-exploring this place.
 F = Levels seen in this place.
 G = Mean time per level.
                   A        B        C        D        E       F      G
               +--------+--------+--------+--------+--------+-----+--------+
         Total |   5995 |   5823 |    172 |     72 |   4573 |   9 |  666.1 |
       Dungeon |   5620 |   5456 |    164 |     72 |   4373 |   7 |  802.9 |
        Temple |     84 |     76 |      8 |      0 |     69 |   1 |   84.0 |
       Ossuary |    290 |    290 |      0 |      0 |    131 |   1 |  290.0 |
               +--------+--------+--------+--------+--------+-----+--------+

Top non-repeatable levels by time:
     D:1: 1414 daAuts
     D:6: 1302 daAuts
     D:4: 1007 daAuts
     D:5: 638 daAuts
     D:3: 581 daAuts
     D:2: 522 daAuts
 Ossuary: 290 daAuts
     D:7: 154 daAuts
  Temple: 84 daAuts
